 Dungeon Crawl Stone Soup version 0.29-a0-490-g77b3608bb8 (webtiles) character file.

Game seed: 11433734165929669605

1534 siradein the Skirmisher (level 8, -1/67 HPs)
             Began as a Demonspawn Berserker on May 26, 2022.
             Was a Priest of Trog.
             Slain by a gnoll sergeant
             ... wielding a +0 trident
              (5 damage)
             ... on level 7 of the Dungeon.
             The game lasted 00:17:42 (6957 turns).

siradein the Skirmisher (Demonspawn Berserker)      Turns: 6957, Time: 00:17:42

Health: -1/67      AC: 14    Str: 27    XL:     8   Next: 55%
Magic:  8/8        EV: 10    Int:  8    God:    Trog [***...]
Gold:   270        SH:  0    Dex: 14    Spells: 7/7 levels left

rFire   . . .      SeeInvis +   s - +0 battleaxe
rCold   . . .      Faith    .   (shield currently unavailable)
rNeg    . . .      Spirit   .   F - +0 chain mail
rPois   .          Reflect  .   m - +2 hat
rElec   .          Harm     .   (no cloak)
rCorr   .          Rampage  .   D - +0 pair of gloves
Will    .....                   r - +0 pair of boots
Stlth   ..........              i - amulet of the acrobat
HPRegen 0.21/turn               x - +6 ring of strength
MPRegen 0.11/turn               A - ring of see invisible

@: on berserk cooldown, slowed, studying Fighting, very slow
A: thin skeletal structure 1, powered by death 1, demonic touch 2
a: Renounce Religion, Berserk, Trog's Hand


You were on level 7 of the Dungeon.
You worshipped Trog.
Trog was most pleased with you.
You visited 1 branch of the dungeon, and saw 7 of its levels.

You collected 296 gold pieces.
You spent 26 gold pieces at shops.

Inventory:

Hand Weapons
 s - a +0 battleaxe (weapon)
Missiles
 g - 11 boomerangs (quivered)
Armour
 m - a +2 hat (worn)
 r - a +0 pair of boots (worn)
 D - a +0 pair of gloves (worn)
 F - a +0 chain mail (worn)
Jewellery
 c - a +6 ring of intelligence
 i - an amulet of the acrobat (around neck)
 p - an amulet of magic regeneration
 w - a ring of flight
 x - a +6 ring of strength (left hand)
 A - a ring of see invisible (right hand)
 C - an amulet of faith
Scrolls
 a - 3 scrolls of blinking {unknown}
 d - 2 scrolls of teleportation {unknown}
 k - 3 scrolls of noise {unknown}
 l - a scroll of enchant weapon {unknown}
 n - 3 scrolls of fog {unknown}
 o - a scroll of fear {unknown}
 q - a scroll of magic mapping {unknown}
 t - 2 scrolls of acquirement
 y - a scroll of enchant armour
 E - a scroll of identify
Potions
 b - a potion of flight
 e - 4 potions of heal wounds
 f - a potion of brilliance {unknown}
 h - a potion of magic {unknown}
 j - 5 potions of curing
 u - 2 potions of cancellation {unknown}
 v - 2 potions of haste {unknown}
 z - a potion of mutation {unknown}
 B - a potion of invisibility {unknown}
 G - 2 potions of degeneration {unknown}


   Skills:
 + Level 7.2 Fighting
 + Level 5.5 Axes
 + Level 5.2 Armour
 + Level 5.1 Dodging


You had 7 spell levels left.
You didn't know any spells.
Your spell library was empty.

Dungeon Overview and Level Annotations

Branches:
Dungeon (7/15)             Temple (0/1) D:5

Altars:
Ashenzari
Cheibriados
Elyvilon
Makhleb
Nemelex Xobeh
Sif Muna
Wu Jian
Xom

Shops:
D:2 [[   D:3 ?


Innate Abilities, Weirdness & Mutations

You have a somewhat thin skeletal structure. (Dex +2, Stealth+)
You regenerate a little health from kills.
Your touch may inflict irresistible damage on your foes.


Message History

You kill the gnoll!
Trog accepts your kill. The gnoll sergeant barely misses you.
The gnoll sergeant hits you with a +0 trident.
You barely miss the gnoll sergeant.
The gnoll sergeant hits you with a +0 trident.
The gnoll sergeant barely misses you.
The gnoll sergeant hits you with a +0 trident.
You barely miss the gnoll sergeant.
The gnoll sergeant hits you with a +0 trident.
The gnoll sergeant misses you.
You slash the gnoll sergeant!
The gnoll sergeant is heavily wounded.
The gnoll sergeant hits you with a +0 trident.
The gnoll sergeant hits you with a +0 trident!
You slash the gnoll sergeant!
The gnoll sergeant is almost dead.
The gnoll sergeant completely misses you.
The gnoll sergeant hits you but does no damage.
You hit the gnoll sergeant but do no damage.
The gnoll sergeant is almost dead.
The gnoll sergeant hits you with a +0 trident.
The gnoll sergeant hits you with a +0 trident!
* * * LOW HITPOINT WARNING * * *
You hit the gnoll sergeant but do no damage.
The gnoll sergeant is almost dead.
The gnoll sergeant hits you with a +0 trident.
* * * LOW HITPOINT WARNING * * *
The gnoll sergeant hits you with a +0 trident.
* * * LOW HITPOINT WARNING * * *
The gnoll sergeant blocks your attack.
The gnoll sergeant is almost dead.
The gnoll sergeant hits you but does no damage.
The gnoll sergeant closely misses you.
You closely miss the gnoll sergeant.
The gnoll sergeant is almost dead.
The gnoll sergeant hits you with a +0 trident.
* * * LOW HITPOINT WARNING * * *
The gnoll sergeant hits you with a +0 trident.
You die...

############
#..........#####
#..........'...+
#..........#...#
#..........#).)#
#..........##@##
#..........#).g# ##
#..........#...# ...
#..........##+##....
#...................
#..................(
#...................
#...................
#..........#######+#


You could see a gnoll sergeant.

Vanquished Creatures
  A black bear (D:4)
  2 ogres
  A centaur (D:6)
  A phantom (D:5)
  A kobold brigand (D:7)
  4 bullfrogs
  A necrophage (D:6)
  2 scorpions
  A howler monkey (D:7)
  2 orc priests
  4 hounds (D:6)
  2 iguanas
  An orc wizard (D:4)
  A mummy (D:4)
  5 adders
  12 gnolls
  2 shadow imps
  A white imp (D:6)
  5 ufetubi
  2 worms (D:3)
  2 dart slugs
  13 orcs
  5 ball pythons
  6 bats
  8 endoplasms
  A giant cockroach (D:1)
  5 goblins
  A hobgoblin (D:2)
  9 jackals
  3 quokkas
  2 frilled lizards
  9 kobolds
  3 rats
118 creatures vanquished.

Notes
Turn   | Place    | Note
-------+----------+-------------------------------------------
     0 | D:1      | siradein the Demonspawn Berserker began the quest for the
                  | Orb.
     0 | D:1      | Reached XP level 1. HP: 18/18 MP: 1/1
   189 | D:1      | Found a faded altar of an unknown god.
   208 | D:1      | Gained mutation: Your touch may inflict minor irresistible
                  | damage on your foes. [demonic ancestry]
   208 | D:1      | Reached XP level 2. HP: 24/24 MP: 2/2
   776 | D:2      | Gained mutation: You have a somewhat thin skeletal
                  | structure. (Dex +2, Stealth+) [demonic ancestry]
   776 | D:2      | Reached XP level 3. HP: 29/29 MP: 3/3
  1110 | D:2      | Found Jeyxy's Antique Armour Shoppe.
  1128 | D:2      | Found Suom's Armour Shop.
  1144 | D:2      | Found a shimmering altar of Xom.
  1323 | D:2      | Reached XP level 4. HP: 13/35 MP: 4/4
  1835 | D:3      | Found a sparkling altar of Nemelex Xobeh.
  2597 | D:3      | Found Teut's Magic Scroll Emporium.
  2603 | D:3      | Bought a scroll of identify for 26 gold pieces
  2653 | D:3      | Reached ** piety under Trog
  2869 | D:4      | Found a snail-covered altar of Cheibriados.
  2933 | D:4      | Gained mutation: You regenerate a little health from kills.
                  | [demonic ancestry]
  2933 | D:4      | Reached XP level 5. HP: 23/42 MP: 5/5
  3153 | D:4      | Reached skill level 4 in Fighting
  3530 | D:4      | Gained mutation: Your touch may inflict irresistible damage
                  | on your foes. [demonic ancestry]
  3530 | D:4      | Reached XP level 6. HP: 48/48 MP: 6/6
  4045 | D:5      | Entered Level 5 of the Dungeon
  4379 | D:5      | Found a shimmering blue altar of Sif Muna.
  4610 | D:5      | Found a staircase to the Ecumenical Temple.
  4821 | D:5      | Reached XP level 7. HP: 43/55 MP: 7/7
  5015 | D:5      | Identified 3 scrolls of acquirement
  5018 | D:5      | Acquired a manual of Fighting
  5224 | D:6      | Reached skill level 5 in Fighting
  5258 | D:6      | Reached *** piety under Trog
  5344 | D:6      | Found an ornate altar of the Wu Jian Council.
  5760 | D:6      | Found a broken altar of Ashenzari.
  5801 | D:6      | Reached skill level 6 in Fighting
  5985 | D:6      | Reached XP level 8. HP: 64/64 MP: 8/8
  5991 | D:6      | Reached skill level 5 in Axes
  6682 | D:7      | Found a burning altar of Makhleb.
  6747 | D:7      | Reached skill level 5 in Armour
  6748 | D:7      | Reached skill level 7 in Fighting
  6748 | D:7      | Reached skill level 5 in Dodging
  6957 | D:7      | Slain by a gnoll sergeant

Illustrated notes

Levels and vault maps discovered:
D:1:      saegor_arrival_fortress, layout_rooms, basic_ecumenical_altar,
          grunt_decor_one_mirror, chequers_serial_rivers_room_a, minmay_bisected
D:2:      layout_basic, basic_altar, serial_shops, nicolae_shop_behind_doors,
          nicolae_shop_stone
D:3:      layout_basic, mainiacjoe_overflow_24_doors, serial_shops, shop
D:4:      layout_basic, slow_altar_1
D:5:      layout_rooms, mainiacjoe_overflow_six_doors_small,
          minmay_temple_entry_grid, nicolae_figureground_sparkle
D:6:      layout_basic, lemuel_crystal_altar, mainiacjoe_overflow_alcove_4,
          nicolae_wu_jian_wuxing_cycle, minmay_misc_feat_diagonals
D:7:      layout_gridville, lightli_temple_of_fire,
          hangedman_abyss_or_decor_passed, uniq_joseph

Skill      XL: |  1  2  3  4  5  6  7  8 |
---------------+-------------------------+-----
Armour         | 2 3 4 5 |  5.2
Dodging        | 2 3 4 5 |  5.1
Axes           | 3 4 5 |  5.5
Fighting       | 4 6 7 |  7.2

Action                   |  1- 3 |  4- 6 |  7- 9 || total
-------------------------+-------+-------+-------++-------
Melee: Hand axe          |    63 |    21 |       ||    84
       Touch             |     8 |     4 |       ||    12
       Battleaxe         |       |   136 |   140 ||   276
Invok: Berserk           |     1 |     1 |     2 ||     4
  Use: Scroll            |       |     2 |     4 ||     6
 Stab: Sleeping          |     1 |       |       ||     1
Armor: Animal skin       |     4 |       |       ||     4
       Ring mail         |     9 |       |       ||     9
       Scale mail        |       |    75 |    31 ||   106
       Chain mail        |       |       |    71 ||    71
Dodge: Dodged            |    41 |   139 |   139 ||   319

Table legend: (Time is in decaauts)
 A = Elapsed time spent in this place.
 B = Non-inter-level travel time spent in this place.
 C = Inter-level travel time spent in this place.
 D = Time resting spent in this place.
 E = Time spent auto-exploring this place.
 F = Levels seen in this place.
 G = Mean time per level.
                   A        B        C        D        E       F      G
               +--------+--------+--------+--------+--------+-----+--------+
         Total |   7134 |   7046 |     88 |    719 |   5093 |   7 | 1019.1 |
       Dungeon |   7134 |   7046 |     88 |    719 |   5093 |   7 | 1019.1 |
               +--------+--------+--------+--------+--------+-----+--------+

Top non-repeatable levels by time:
     D:4: 1363 daAuts
     D:6: 1316 daAuts
     D:3: 1231 daAuts
     D:2: 1117 daAuts
     D:5: 849 daAuts
     D:1: 719 daAuts
     D:7: 536 daAuts
